 Dungeon Crawl Stone Soup version 0.32-a0-540-g866d13106e (webtiles) character file.

Game seed: 11612460373041957891

28 zenocrate the Insei (level 2, -5/34 HPs)
             Began as a Demonspawn Gladiator on Feb 28, 2024.
             Slain by a gnoll
             ... wielding a +0 halberd
              (13 damage)
             ... on level 2 of the Dungeon.
             The game lasted 00:01:16 (956 turns).

zenocrate the Insei (Demonspawn Gladiator)           Turns: 956, Time: 00:01:17

Health: -5/34      AC:  5    Str: 14    XL:     2   Next: 96%
Magic:  2/2        EV: 12    Int:  8    God:
Gold:   88         SH:  0    Dex: 14    Spells: 1/1 levels left

rFire   . .          .
                       - Unarmed
rCold   . . .        (no shield)
rNeg    . . .        a - +0 leather armour
rPois   .            b - +0 helmet
rElec   .            (no cloak)
rCorr   .            (no gloves)
SInv    .            k - +0 pair of boots
Will    ++...        (no amulet) Stlth
                     j - ring of willpower
HPRegen 0.25/turn    (no ring)
MPRegen 0.08/turn

%: no passive effects
@: berserking, attractive, enlightened, flying, very quick
A: claws 1
a: no special abilities


You were on level 2 of the Dungeon.
You visited 1 branch of the dungeon, and saw 2 of its levels.

You collected 88 gold pieces.

Inventory:

Missiles
 c - 3 throwing nets
 d - a javelin
 h - 5 boomerangs
 m - 10 poisoned darts (quivered)
Armour
 a - a +0 leather armour (worn)
 b - a +0 helmet (worn)
 k - a +0 pair of boots (worn)
Jewellery
 j - a ring of willpower (left claw)
Scrolls
 e - a scroll of enchant armour {unknown}
 n - a scroll of poison {unknown}
Potions
 i - 2 potions of attraction


   Skills:
 + Level 2.4 Fighting
 - Level 1.7 Throwing
 - Level 2.6 Dodging
 + Level 3.5 Unarmed Combat


You had one spell level left.
You didn't know any spells.
Your spell library was empty.

Dungeon Overview and Level Annotations

Branches:
Dungeon (2/15)

Altars:


Innate Abilities, Weirdness & Mutations

You have sharp fingernails.


Message History

Unknown command.
Okay, then.
It was a potion of attraction.
You feel attractive to monsters. The gnoll hits you with a +0 whip.
The gnoll closely misses you.
You scratch the gnoll.
The gnoll is moderately wounded.
The gnoll barely misses you. x2
Unknown command.
You closely miss the gnoll.
The gnoll is moderately wounded.
The gnoll closely misses you.
The gnoll hits you from afar with a +0 halberd!
* * * LOW HITPOINT WARNING * * *
Unknown command.
Unknown command.
Okay, then.
Okay, then.
You aren't carrying any items that you can evoke.
Unknown command.
It was a potion of curing.
You feel better. The gnoll hits you with a +0 whip!
* * * LOW HITPOINT WARNING * * *
The gnoll closely misses you.
It was a potion of enlightenment.
You feel very buoyant.
You fly up into the air.
The gnoll completely misses you. The gnoll barely misses you.
Okay, then.
You aren't carrying any items that you can evoke.
Unknown command.
It was a potion of berserk rage.
A red film seems to cover your vision as you go berserk!
You feel yourself moving faster!
You feel mighty! The gnoll misses you. The gnoll closely misses you.
You closely miss the gnoll. You claw the gnoll.
The gnoll is heavily wounded.
You claw the gnoll!
You kill the gnoll!
The gnoll hits you from afar with a +0 halberd!
You die...

#.# #..#. #.# .....
#.# ..... #### #.#
### ...######<.###.#
...$ ..##........#.#
..^#
#.###.###.#.#.##g..#
#.###.###.....@g.g#
#.............###.#
#.###.###.#.### #.#
#.###.#.#
#.###.†.<..>#
#......##.###
#)##.#..#.#
#.........###
#.##........+


You could see 3 gnolls.

Vanquished Creatures
  A gnoll (D:2)
  3 ball pythons (D:1)
  3 endoplasms
  A giant cockroach (D:1)
  4 goblins (D:1)
  4 hobgoblins
  A quokka (D:1)
  3 bats (D:1)
  A frilled lizard (D:1)
  2 kobolds
  3 rats (D:1)
26 creatures vanquished.

Notes
Turn   | Place    | Note
-------+----------+-------------------------------------------
     0 | D:1      | zenocrate the Demonspawn Gladiator began the quest for the
                  | Orb.
     0 | D:1      | Reached XP level 1. HP: 16/16 MP: 1/1
   127 | D:1      | Reached skill level 3 in Unarmed Combat
   288 | D:1      | Gained mutation: You have sharp fingernails. [demonic
                  | ancestry]
   288 | D:1      | Reached XP level 2. HP: 21/22 MP: 2/2
   951 | D:2      | HP: 1/23 [gnoll/+0 halberd (10)]
   956 | D:2      | Slain by a gnoll

Illustrated notes

Levels and vault maps discovered:
D:1:      minmay_arrival_stair_chambers, layout_loops_ring,
          kennysheep_decorative_pillar, minmay_pentomino_p4
D:2:      layout_loops_corners, hangedman_decor_push

Skill      XL: |  1 |
---------------+----+-----
Unarmed Combat | 3 |  3.5
Fighting       | |  2.4
Throwing       | |  1.7
Dodging        | |  2.6

Action                     || total
---------------------------++-------
  Melee: Unarmed           ||   105
         Punch             ||     3
    Use: Potion            ||     4
 Armour: Leather armour    ||    88
  Dodge: Dodged            ||    69

Table legend: (Time is in decaauts)
 A = Elapsed time spent in this place.
 B = Non-inter-level travel time spent in this place.
 C = Inter-level travel time spent in this place.
 D = Time resting spent in this place.
 E = Time spent auto-exploring this place.
 F = Levels seen in this place.
 G = Mean time per level.
                   A        B        C        D        E       F      G
               +--------+--------+--------+--------+--------+-----+--------+
         Total |    948 |    937 |     11 |      0 |    719 |   2 |  474.0 |
       Dungeon |    948 |    937 |     11 |      0 |    719 |   2 |  474.0 |
               +--------+--------+--------+--------+--------+-----+--------+

Top non-repeatable levels by time:
     D:1: 867 daAuts
     D:2: 80 daAuts
